 Dungeon Crawl Stone Soup version 0.19-a0-457-gbba3dae (webtiles) character file.

1819 AlphabetPasta the Vandal (level 8, -5/40 HPs)
             Began as a Spriggan Arcane Marksman on May 31, 2016.
             Shot with a sling bullet by Joseph (20 damage)
             ... on level 7 of the Dungeon on June 1, 2016.
             The game lasted 00:39:28 (6723 turns).

AlphabetPasta the Vandal (Spriggan Arcane Marksman) Turns: 6723, Time: 00:39:29

Health: -5/40      AC:  4    Str: 15    XL:     8   Next: 85%
Magic:  16/16      EV: 28    Int: 16    God:
Gold:   118        SH:  0    Dex: 21    Spells: 2 memorised, 14 levels left

rFire  + . .     SeeInvis +     a - +2 hunting sling (flame)
rCold  . . .     Gourm    .     e - +1 robe
rNeg   . . .     Faith    .     (shield restricted)
rPois  .         Spirit   .     (helmet restricted)
rElec  .         Dismiss  .     i - +0 cloak (curse)
rCorr  .         Reflect  .     (gloves unavailable)
SustAt .         Harm     .     (boots unavailable)
MR     +....                    (no amulet)
Stlth  +++++.....               C - ring of protection from fire
                                r - +3 ring of strength

@: mighty, agile, very quick, somewhat resistant to hostile enchantments, quite
stealthy
A: unfitting armour, see invisible, herbivore 3, speed 3, slow metabolism 2
a: no special abilities


You were on level 7 of the Dungeon.
You were not hungry.

You visited 1 branch of the dungeon, and saw 7 of its levels.

You collected 307 gold pieces.
You spent 189 gold pieces at shops.

Inventory:

Hand Weapons
 a - a +2 hunting sling of flaming (weapon)
 b - a +1 dagger of speed
 l - a +2 falchion of holy wrath
 p - a +0 hunting sling
Missiles
 d - 43 sling bullets (quivered)
 m - 155 stones
 z - 6 curare-tipped needles
 D - 6 steel tomahawks
Armour
 e - a +1 robe (worn)
 i - a cursed +0 cloak (worn)
Magical Staves
 A - an uncursed staff of earth
Jewellery
 r - a +3 ring of strength (left hand)
 C - a ring of protection from fire (right hand)
Wands
 s - a wand of digging (8/24)
 v - a wand of iceblast (5/15)
 y - a wand of flame (28/48)
Scrolls
 g - 2 scrolls of enchant armour
 k - a scroll of teleportation
 w - a scroll of magic mapping
 B - a scroll of remove curse
Potions
 h - 2 potions of resistance
 n - 3 potions of flight
 o - 2 potions of agility
 q - a potion of cancellation
 t - a potion of cure mutation
 u - 4 potions of curing
 E - a potion of ambrosia {unknown}
Books
 c - a book of Debilitation

   Spells                             Type                      Level
   a - Corona                         Hexes                        1
   b - Slow                           Hexes                        2
   c - Gell's Gravitas                Hexes/Translocation          3
   d - Inner Flame                    Hexes/Fire                   3
   e - Cause Fear                     Hexes                        4
   f - Leda's Liquefaction            Hexes/Earth                  4
Comestibles
 f - 5 bread rations
 x - a royal jelly


   Skills:
 + Level 3.0 Fighting
 * Level 5.3 Short Blades
 * Level 6.6 Slings
 + Level 6.4 Dodging
 + Level 5.9 Stealth
 + Level 5.1 Spellcasting
 + Level 5.8 Hexes


You had 14 spell levels left.
You knew the following spells:

 Your Spells              Type           Power        Failure   Level  Hunger
a - Corona                Hex            ###....      1%          1    None
b - Slow                  Hex            ###.....     1%          2    #......


Dungeon Overview and Level Annotations

Branches:
Dungeon (7/15)
 Temple: D:4-7

Altars:
Cheibriados
Vehumet

Shops:
D:5 ?

Annotations:
D:7 Joseph


Innate Abilities, Weirdness & Mutations

You are tiny and cannot use many weapons and most armour.
You have supernaturally acute eyesight. (SInv)
You are a herbivore.
You cover ground extremely quickly.
You need consume almost no food.


Message History

Joseph is heavily wounded.
Firing (i - inventory. (,) - cycle):
d - 46 sling bullets (quivered)
Press: ? - help, Shift-Dir - straight line, f/p - Joseph
Aim: Joseph, wielding a hunting sling and wearing a ring mail (heavily wounded, slow)
You shoot a sling bullet. The sling bullet barely misses Joseph.
Joseph shoots a sling bullet.
The sling bullet misses you.
Firing (i - inventory. (,) - cycle):
d - 45 sling bullets (quivered)
Press: ? - help, Shift-Dir - straight line, f/p - Joseph
Aim: Joseph, wielding a hunting sling and wearing a ring mail (heavily wounded, slow)
You shoot a sling bullet.
The sling bullet hits Joseph but does no damage.
Joseph is heavily wounded.
Firing (i - inventory. (,) - cycle):
d - 44 sling bullets (quivered)
Press: ? - help, Shift-Dir - straight line, f/p - Joseph
Aim: Joseph, wielding a hunting sling and wearing a ring mail (heavily wounded, slow)
You shoot a sling bullet.
The sling bullet completely misses Joseph.
Joseph shoots a sling bullet.
The sling bullet hits you!!
Ouch! That really hurt!
You die...

.# . .# .#
.#.# ..#.
<..##...
##(....#
#......+
#......#
#@.....# #
#(.....#
#.#......#
###.#...(..#
#...@......+
#..........#
#..........#.#
'(..(..<.....#
#(.........###


You could see Joseph.

Vanquished Creatures
  Pikel (D:6)
  Grinder (D:4)
  An ogre (D:6)
  A phantom (D:4)
  A giant frog (D:6)
  Blork the orc (D:6)
  A scorpion (D:5)
  3 howler monkeys
  A crimson imp (D:4)
  A giant frog zombie (D:5)
  2 orc priests (D:5)
  A hound (D:5)
  8 orc wizards
  2 centaur skeletons
  4 worker ants
  The ghost of hoot the Chopper, a weakling VSBe of Trog (D:3)
  A hound skeleton (D:5)
  7 adders
  A shadow imp (D:5)
  3 oozes
  3 worms
  3 dart slugs
  5 giant geckos
  8 orcs
  3 ball pythons
  4 giant cockroaches
  7 goblins
  7 hobgoblins
  4 jackals (D:1)
  5 quokkas
  A ball python skeleton (D:4)
  6 bats
  A giant gecko zombie (D:5)
  3 giant newts
  9 kobolds
  2 rats
113 creatures vanquished.

Vanquished Creatures (others)
  A hound (D:6)
  A giant cockroach (D:6)
2 creatures vanquished.

Grand Total: 115 creatures vanquished

Notes
Turn   | Place    | Note
--------------------------------------------------------------
     0 | D:1      | AlphabetPasta the Spriggan Arcane Marksman began the quest for the Orb.
     0 | D:1      | Reached XP level 1. HP: 9/9 MP: 3/3
    73 | D:1      | Reached skill level 1 in Fighting
   163 | D:1      | Reached skill level 1 in Stealth
   177 | D:1      | Reached XP level 2. HP: 14/14 MP: 5/5
   181 | D:1      | Learned a level 2 spell: Slow
   498 | D:1      | Reached XP level 3. HP: 18/18 MP: 7/7
  1149 | D:2      | Found a snail-covered altar of Cheibriados.
  1167 | D:2      | Reached skill level 1 in Short Blades
  1435 | D:2      | Reached XP level 4. HP: 17/22 MP: 8/8
  2093 | D:3      | Noticed hoot's ghost (weakling VSBe)
  2119 | D:3      | Killed hoot's ghost
  2449 | D:3      | Found a faded altar of an unknown god.
  2457 | D:3      | Reached XP level 5. HP: 25/25 MP: 9/9
  2816 | D:3      | Upgraded the game from 0.19-a0-442-g8935a21 to 0.19-a0-448-gfb5d502
  2993 | D:4      | Noticed a phantom
  3018 | D:4      | Killed a phantom
  3018 | D:4      | Reached XP level 6. HP: 13/30 MP: 11/11
  3332 | D:4      | Noticed Grinder
  3341 | D:4      | Killed Grinder
  3341 | D:4      | Reached XP level 7. HP: 7/35 MP: 12/12
  4137 | D:5      | Entered Level 5 of the Dungeon
  4145 | D:5      | Reached skill level 5 in Hexes
  4180 | D:5      | Found a radiant altar of Vehumet.
  4330 | D:5      | Reached skill level 5 in Dodging
  4560 | D:5      | Reached skill level 5 in Slings
  5455 | D:5      | Found Sych's Magic Scroll Boutique.
  5458 | D:5      | Reached XP level 8. HP: 39/39 MP: 15/15
  5469 | D:5      | Bought a scroll of identify for 28 gold pieces
  5469 | D:5      | Bought a scroll of enchant weapon for 105 gold pieces
  5469 | D:5      | Bought a scroll of identify for 28 gold pieces
  5469 | D:5      | Bought a scroll of identify for 28 gold pieces
  5837 | D:6      | Noticed Pikel
  5900 | D:6      | Killed Pikel
  5900 | D:6      | Reached skill level 5 in Short Blades
  5900 | D:6      | Reached skill level 5 in Stealth
  6011 | D:6      | Noticed Blork the orc
  6033 | D:6      | Killed Blork the orc
  6062 | D:6      | Reached skill level 5 in Spellcasting
  6509 | D:6      | Upgraded the game from 0.19-a0-448-gfb5d502 to 0.19-a0-457-gbba3dae
  6697 | D:7      | Noticed Joseph
  6723 | D:7      | Shot with a sling bullet by Joseph

Vault maps used:
D:1:      dpeg_arrival_refuge, minmay_misc_feat_more_columns,
          minmay_misc_feat_secret_circle, hangedman_abyss_or_decor_lesser_grid
D:2:      kennysheep_slug_shrine, kennysheep_generic_room_4
D:3:      ecumenical_altar_2
D:4:      wad_river_or_something, first_bread, uniq_grinder
D:5:      basic_altar, serial_shops, nicolae_shop_trees
D:6:      uniq_blork_the_orc, uniq_pikel
D:7:      gammafunk_temple_overflow_claw, lemuel_temple_firewalk_marked,
          the_bakery, uniq_joseph

Skill      XL: |  1  2  3  4  5  6  7  8 |
---------------+-------------------------+-----
Fighting       | 1 2 3 |  3.0
Stealth        | 1 2 3 4 5 |  5.9
Spellcasting   | 2 3 4 5 |  5.1
Short Blades   | 1 2 3 4 5 |  5.3
Hexes          | 4 5 |  5.8
Slings         | 3 4 5 6 |  6.6
Dodging        | 4 5 6 |  6.4

Action                   |  1- 3 |  4- 6 |  7- 9 || total
-------------------------+-------+-------+-------++-------
Melee: Dagger            |    34 |    46 |    36 ||   116
 Fire: Hunting sling     |    88 |   134 |   202 ||   424
Throw: Stone             |       |       |    12 ||    12
 Cast: Slow              |       |     5 |     7 ||    12
       Corona            |       |     1 |       ||     1
Evoke: Wand              |       |       |     8 ||     8
  Use: Scroll            |     8 |     4 |     8 ||    20
       Potion            |       |       |     7 ||     7
 Stab: Sleeping          |     2 |     7 |     6 ||    15
  Eat: Bread ration      |       |       |     1 ||     1
       Fruit             |       |       |     1 ||     1
Armor: Robe              |     5 |     9 |     9 ||    23
Dodge: Dodged            |    36 |    62 |   118 ||   216
